 Dungeon Crawl Stone Soup version 0.25-a0-992-gca090100c3 (webtiles) character file.

Game seed: 11254443003272972613, levelgen mode: deterministic

65 MisterFreud the Skirmisher (level 4, -1/39 HPs)
             Began as a Formicid Abyssal Knight on May 10, 2020.
             Was a Follower of Lugonu.
             Killed from afar by Sigmund (4 damage)
             ... with a puff of flame
             ... on level 2 of the Dungeon.
             The game lasted 00:02:16 (1843 turns).

MisterFreud the Skirmisher (FoAK)                   Turns: 1843, Time: 00:02:16

Health: -1/39      AC:  5    Str: 18    XL:     4   Next: 35%
Magic:  5/5        EV: 10    Int: 11    God:    Lugonu [*.....]
Gold:   99         SH:  0    Dex: 10    Spells: 3/3 levels left

rFire    . . .     SeeInvis +   a - +1 mace
rCold    . . .     Gourm    .   (no shield)
rNeg     . . .     Faith    .   f - +0 ring mail
rPois    .         Spirit   .   (helmet unavailable)
rElec    .         Reflect  .   (no cloak)
rCorr    .         Harm     .   (no gloves)
MR       .....                  (no boots)
Stlth    +.........             (no amulet)
HPRegen  0.13/turn              d - ring of stealth
MPRegen  0.09/turn              (no ring)

@: lethally poisoned (-1 -> -4)
A: permanent stasis, dig shafts and tunnels, four strong arms, antennae 3
a: Dig, Shaft Self, Depart the Abyss, Renounce Religion


You were on level 2 of the Dungeon.
You worshipped Lugonu.
Lugonu was aware of your devotion.
You were not hungry.

You visited 1 branch of the dungeon, and saw 2 of its levels.
You visited the Abyss 1 time.

You collected 99 gold pieces.

Inventory:

Hand Weapons
 a - a +1 mace (weapon)
Missiles
 e - 35 stones (quivered)
 g - 24 arrows
Armour
 b - a +0 leather armour
 f - a +0 ring mail (worn)
Jewellery
 d - a ring of stealth (left hand)
Scrolls
 h - a scroll of teleportation {unknown}
 k - a scroll of identify {unknown}
Potions
 j - a potion of berserk rage {unknown}
Comestibles
 c - a ration


   Skills:
 * Level 5.4 Fighting
 - Level 2.0 Maces & Flails
 - Level 2.1 Armour
 - Level 0.8 Dodging
 - Level 2.1 Invocations


You had 3 spell levels left.
You didn't know any spells.
Your spell library was empty.

Dungeon Overview and Level Annotations

Branches:
Dungeon (2/15)

Altars:

Annotations:
D:2 Robin, Sigmund


Innate Abilities, Weirdness & Mutations

You cannot be hasted, slowed, berserked, paralysed or teleported.
You can dig through walls and to a lower floor.
Your four strong arms can wield two-handed weapons with a shield.
You have a pair of large antennae on your head. (SInv)


Message History

* * * LOW HITPOINT WARNING * * *
The goblin hits you but does no damage. The adder bites you.
* * * LOW HITPOINT WARNING * * *
You are poisoned.
The adder poisons you!
Unknown command.
Unknown command.
Are you sure you want to shaft yourself?
You feel quite a bit more hungry.
You feel sick. The goblin hits you but does no damage.
The adder barely misses you. Sigmund gestures at you while chanting.
The puff of flame hits you.
* * * LOW HITPOINT WARNING * * *
You begin to dig a shaft.
You continue digging a shaft.
* * * LOW HITPOINT WARNING * * *
You feel sick. The adder barely misses you.
The goblin hits you but does no damage.
Sigmund points at you and mumbles some strange words.
The puff of flame hits you.
You die...

.....##.....###
..............
............# ............#
............# ........###.#
# .........# .###....#
.......S@##.....##.#
.......g@)..# # #.#
.......#.##.# #. #.######
.......#....###.##.##....
##.#####......#....##.##. .
#.#..........# #..##.##.
#.#........)...###.....##.
#..#..............<.#####.
#..#.#..........##..#####.
.#.........................


You could see Sigmund (invisible), an adder and a goblin.

Vanquished Creatures
  A gnoll (D:1)
  2 adders (D:2)
  A dart slug (D:1)
  5 bats (D:1)
  7 goblins
  6 hobgoblins
  A ball python (D:2)
  4 frilled lizards
  7 kobolds
  3 rats (D:1)
37 creatures vanquished.

Notes
Turn   | Place    | Note
-------+----------+-------------------------------------------
     0 | Abyss:1  | MisterFreud the Formicid Abyssal Knight began the quest for
                  | the Orb.
     0 | Abyss:1  | Reached XP level 1. HP: 18/18 MP: 2/2
    52 | Abyss:1  | Noticed a thrashing horror
    53 | D:1      | Escaped the Abyss
   230 | D:1      | Reached XP level 2. HP: 19/25 MP: 3/3
   312 | D:1      | Reached skill level 4 in Fighting
   414 | D:1      | Reached * piety under Lugonu
   499 | D:1      | Reached XP level 3. HP: 20/31 MP: 4/4
  1484 | D:2      | Reached skill level 5 in Fighting
  1484 | D:2      | Reached XP level 4. HP: 31/39 MP: 5/5
  1576 | D:2      | Noticed Robin
  1816 | D:2      | Noticed Sigmund
  1843 | D:2      | Killed from afar by Sigmund

Illustrated notes

Levels and vault maps discovered:
D:1:      heliophobic_arrival_glass_houses, layout_loops_ring,
          minmay_misc_feat_tiny, kennysheep_crisscross
D:2:      layout_basic, elyvilon_altar_5, uniq_sigmund, uniq_robin

Skill      XL: |  1  2  3 |
---------------+----------+-----
Fighting       | 4 5 |  5.4
Maces & Flails | |  2.0
Armour         | |  2.1
Dodging        | |  0.8
Invocations    | |  2.1

Action                   |  1- 3 |  4- 6 || total
-------------------------+-------+-------++-------
Melee: Mace              |    82 |    34 ||   116
Invok: Depart the Abyss  |     1 |       ||     1
 Abil: Shaft Self        |       |     1 ||     1
 Stab: Sleeping          |     1 |       ||     1
  Eat: Chunk             |     2 |     1 ||     3
Armor: Leather armour    |    17 |       ||    17
       Ring mail         |     1 |    24 ||    25
Dodge: Dodged            |    56 |    30 ||    86

Table legend:
 A = Non-vault XP
 B = Vault XP
 C = Vault XP percentage of total XP
 D = Non-vault monster count
 E = Vault monster count
 F = Vault count percentage of total count
                 A         B        C        D         E       F
            +---------+---------+-------+---------+---------+-------
      Total |      92 |       2 |   2.1 |      36 |       1 |   2.7
            +---------+---------+-------+---------+---------+-------
        D:1 |      56 |       2 |   3.4 |      28 |       1 |   3.4
        D:2 |      36 |       0 |   0.0 |       8 |       0 |   0.0
            +---------+---------+-------+---------+---------+-------
